 Dungeon Crawl Stone Soup version 0.26.1-11-gd32895ea62 (webtiles) character file.

Game seed: 4954149433418160785

3027 bnorton916 the Protected (level 10, -9/64 (82) HPs)
             Began as a Formicid Fighter on June 9, 2021.
             Killed from afar by Maggie (15 damage)
             ... with a bolt of fire
             ... on level 7 of the Dungeon.
             The game lasted 00:16:42 (10354 turns).

bnorton916 the Protected (Formicid Fighter)        Turns: 10354, Time: 00:16:44

HP:   -9/64 (82)    AC:  9    Str: 23    XL:     10   Next: 10%
MP:   10/10         EV: 10    Int:  8    God:
Gold: 374           SH:  6    Dex: 11    Spells: 9/9 levels left

rFire    + . .     SeeInvis +   s - +3 halberd (freeze)
rCold    . . .     Faith    .   f - +1 buckler {rC+}
rNeg     . . .     Spirit   .   b - +0 scale mail
rPois    .         Reflect  .   (helmet unavailable)
rElec    .         Harm     .   F - +0 cloak
rCorr    .         Rampage  .   (no gloves)
Will     +....                  (no boots)
Stlth    ..........             (no amulet)
HPRegen  0.20/turn              w - ring of fire
MPRegen  0.12/turn              (no ring)

@: mesmerised, heavily drained
A: permanent stasis, dig shafts and tunnels, four strong arms, antennae 3
a: Dig, Shaft Self


You were on level 7 of the Dungeon.
You visited 2 branches of the dungeon, and saw 8 of its levels.
You also visited: Ossuary.

You collected 374 gold pieces.

Inventory:

Hand Weapons
 a - a +0 war axe
 o - a +1 vorpal mace
 s - a +3 halberd of freezing (weapon)
 t - a +0 falchion of electrocution
Armour
 b - a +0 scale mail (worn)
 c - a +0 kite shield
 f - a +1 buckler of cold resistance (worn)
 F - a +0 cloak (worn)
Jewellery
 m - an uncursed amulet of magic regeneration
 w - a ring of fire (left hand)
Wands
 z - a wand of iceblast (10)
 E - a wand of polymorph (7)
Scrolls
 e - 4 scrolls of remove curse
 g - a scroll of magic mapping
 h - 2 scrolls of amnesia
 i - a scroll of immolation
 k - 4 scrolls of identify
 q - 2 scrolls of holy word
 r - 3 scrolls of enchant armour
 v - a scroll of noise
 x - 3 scrolls of blinking
 y - a scroll of random uselessness {unknown}
 C - a scroll of fog {unknown}
 D - 3 scrolls of summoning {unknown}
Potions
 d - a potion of might
 j - 2 potions of brilliance
 l - a potion of invisibility
 n - 3 potions of magic
 p - 4 potions of curing
 u - 2 potions of mutation
 A - a potion of flight {unknown}
 B - a potion of heal wounds {unknown}
 G - a potion of berserk rage {unknown}


   Skills:
 + Level 8.4 Fighting
 + Level 7.3 Axes
 + Level 8.5 Armour
 - Level 7.4 Shields


You had 9 spell levels left.
You didn't know any spells.
Your spell library was empty.

Dungeon Overview and Level Annotations

Branches:
Dungeon (7/15)             Temple (1/1) D:4         Ossuary (visited)

Altars:
Ashenzari
Dithmenos
Fedhas
Hepliaklqana
Kikubaaqudgha
Makhleb
Okawaru
Ru
Uskayaw
Vehumet
Wu Jian
Xom
Yredelemnul
The Shining One

Shops:
D:4 [   D:5 (

Annotations:
D:4 Pikel
D:7 Maggie


Innate Abilities, Weirdness & Mutations

You cannot be hasted, slowed, berserked, paralysed or teleported.
You can dig through walls and to a lower floor.
Your four strong arms can wield two-handed weapons with a shield.
You have a pair of large antennae on your head. (SInv)


Message History

Maggie is severely wounded.
Maggie hits you with a +0 halberd of draining!
* * * LOW HITPOINT WARNING * * *
You feel drained.
* * * LOW HITPOINT WARNING * * *
You slash Maggie! You freeze Maggie.
Maggie is almost dead.
Maggie mumbles the words to a spell, but in the wrong order.
Maggie casts a spell.
Maggie draws you further into her thrall.
You barely miss Maggie.
Maggie is almost dead.
Maggie hits you but does no damage.
You feel drained.
You closely miss Maggie.
Maggie is almost dead.
Maggie casts a spell.
Maggie draws you further into her thrall.
Maggie gestures at you while chanting. The bolt of fire hits you! You resist.
You die...

....# #.#.# #.#######.
....# ###.#.# ##.### ....#
#...#.# ....########
....###.....# ##...........
######.###### #...........
.............. #...........
...#############...........
...#..........##...........
...#..........##@..........
#.......[......)@..########
#.##...<......##...# #.
#..........'....# #.
#..........#....# #.
#..........#.......# #.
#..........###+###.# #.
#..........# # #..........#


You could see Maggie (mesmerising).

Vanquished Creatures
  Grinder (D:3)
  Duvessa (D:7)
  An orc warrior (D:6)
  A sky beast (D:7)
  A black bear (D:7)
  3 ogres
  4 centaurs
  A bullfrog (D:7)
  3 elf skeletons (D:5)
  3 elf zombies (Ossuary)
  A scorpion (D:4)
  Dowan (D:7)
  3 wights (D:7)
  A howler monkey (D:6)
  3 centaur zombies
  A bullfrog zombie (D:5)
  Crazy Yiuf (D:7)
  5 orc priests
  2 hounds
  3 human zombies (D:5)
  5 orc wizards
  A bullfrog skeleton (D:5)
  2 iguanas (D:4)
  Natasha (thrice) (D:2)
  2 worker ants
  A big kobold zombie (Ossuary)
  A hound skeleton (D:5)
  2 mummies (Ossuary)
  Robin (D:1)
  5 adders
  11 gnolls
  A white imp (D:6)
  An adder zombie (Ossuary)
  A worm (D:2)
  A dart slug (D:3)
  6 leopard geckos
  37 orcs
  4 giant cockroaches
  15 goblins
  10 hobgoblins
  15 jackals
  4 quokkas
  5 bats
  7 frilled lizards
  2 goblin zombies (Ossuary)
  14 hobgoblin zombies (Ossuary)
  A jackal zombie (Ossuary)
  9 kobolds
  4 kobold zombies (Ossuary)
  4 orc skeletons (D:5)
  9 orc zombies
  2 rats
226 creatures vanquished.

Vanquished Creatures (others)
  A plant (D:2)
1 creature vanquished.

Grand Total: 227 creatures vanquished

Notes
Turn   | Place    | Note
-------+----------+-------------------------------------------
     0 | D:1      | bnorton916 the Formicid Fighter began the quest for the
                  | Orb.
     0 | D:1      | Reached XP level 1. HP: 18/18 MP: 1/1
     2 | D:1      | Noticed an ogre
     4 | D:1      | Noticed a dwarf
     4 | D:1      | Noticed a demonspawn
     6 | D:1      | Noticed an elf
     6 | D:1      | Noticed a human
     8 | D:1      | Noticed a draconian
     8 | D:1      | Noticed an octopode
    10 | D:1      | Noticed a centaur
    10 | D:1      | Noticed a merfolk
    12 | D:1      | Noticed a gargoyle
    12 | D:1      | Noticed a vine stalker
    14 | D:1      | Noticed a minotaur
    14 | D:1      | Noticed a vampire
    16 | D:1      | Noticed a demigod
    18 | D:1      | Noticed a naga
    18 | D:1      | Noticed a tengu
    22 | D:1      | Noticed a halfling
    22 | D:1      | Noticed a troll
    24 | D:1      | Noticed a formicid
    24 | D:1      | Noticed a ghoul
    26 | D:1      | Noticed a felid
    26 | D:1      | Noticed a spriggan
   302 | D:1      | Reached XP level 2. HP: 23/24 MP: 2/2
   512 | D:2      | Noticed Robin
   656 | D:1      | Reached XP level 3. HP: 26/29 MP: 3/3
   666 | D:1      | Killed Robin
  1156 | D:2      | Reached XP level 4. HP: 35/37 MP: 4/4
  1210 | D:2      | Found a shimmering altar of Xom.
  1210 | D:2      | Found a shimmering altar of Xom.
  1211 | D:2      | Found a shimmering altar of Xom.
  1212 | D:2      | Found a shimmering altar of Xom.
  1212 | D:2      | Found a shimmering altar of Xom.
  1814 | D:2      | Noticed Natasha
  1832 | D:2      | Killed Natasha
  1833 | D:2      | Reached XP level 5. HP: 31/42 MP: 5/5
  1919 | D:2      | Found a faded altar of an unknown god.
  2469 | D:3      | Noticed a centaur
  2476 | D:3      | Killed a centaur
  2477 | D:3      | Reached skill level 5 in Shields
  2477 | D:3      | Reached XP level 6. HP: 38/49 MP: 6/6
  2783 | D:3      | Noticed Grinder
  2796 | D:3      | You fall into a shaft and drop 2 floors!
  2796 | D:5      | Entered Level 5 of the Dungeon
  3054 | D:5      | Reached skill level 5 in Armour
  3054 | D:5      | Reached XP level 7. HP: 26/55 MP: 7/7
  3083 | D:5      | Found a sand-covered staircase.
  3091 | D:5      | Reached skill level 5 in Fighting
  3198 | Ossuary  | Entered an ossuary
  3889 | Ossuary  | Reached XP level 8. HP: 46/63 MP: 8/8
  4266 | D:5      | Reached skill level 5 in Axes
  5315 | D:5      | Found Vamnios's Weapon Emporium.
  5443 | D:4      | Reached XP level 9. HP: 71/71 MP: 9/9
  5965 | D:4      | Found a staircase to the Ecumenical Temple.
  5982 | Temple   | Entered the Ecumenical Temple
  6216 | D:4      | Found Koiteema's Armour Boutique.
  6523 | D:4      | Noticed Pikel
  6534 | D:4      | You fall into a shaft and drop 3 floors!
  8430 | D:3      | Killed Grinder
  8986 | D:2      | Noticed Natasha
  8990 | D:2      | Killed Natasha
  9046 | D:2      | Noticed Natasha
  9049 | D:2      | Killed Natasha
  9184 | D:4      | You fall into a shaft and drop 2 floors!
  9582 | D:6      | Reached XP level 10. HP: 76/80 MP: 10/10
 10162 | D:7      | Found a runed translucent door.
 10163 | D:7      | Noticed Crazy Yiuf
 10169 | D:7      | Killed Crazy Yiuf
 10262 | D:7      | Noticed Dowan
 10285 | D:7      | Killed Dowan
 10318 | D:7      | Noticed Duvessa
 10318 | D:7      | Noticed Maggie
 10329 | D:7      | Killed Duvessa
 10354 | D:7      | Killed from afar by Maggie

Illustrated notes

Levels and vault maps discovered:
D:1:      kb_arrival_jail, layout_rooms, grunt_decor_one_mirror
D:2:      layout_loops_corners, chequers_ecumenical_altar_lobes,
          xom_redecorated, uniq_robin, uniq_natasha
D:3:      layout_loops_ring, uniq_grinder
D:4:      layout_basic, tgw_sif, minmay_temple_entry_trees, serial_shops, shop,
          uniq_pikel
D:5:      layout_basic, nicolae_ossuary_entry_catacombs, serial_shops, shop,
          kennysheep_opposing_triangles
D:6:      layout_basic
D:7:      layout_basic, grunt_temple_overflow_open, uniq_crazy_yiuf_cottage,
          uniq_maggie, uniq_duvessa
Temple:   dshaligram_water_room_temple

Skill      XL: |  1  2  3  4  5  6  7  8  9 |
---------------+----------------------------+-----
Shields        | 4 5 6 7 |  7.4
Armour         | 4 5 6 8 |  8.5
Fighting       | 4 5 6 8 |  8.4
Axes           | 3 4 5 7 |  7.3

Action                   |  1- 3 |  4- 6 |  7- 9 | 10-12 || total
-------------------------+-------+-------+-------+-------++-------
Melee: War axe           |    76 |   169 |   494 |       ||   739
       Halberd           |       |       |   113 |    37 ||   150
       Unarmed           |       |       |       |     2 ||     2
 Abil: Dig               |     3 |     6 |    13 |       ||    22
       Shaft Self        |       |     1 |     1 |       ||     2
  Use: Scroll            |       |     2 |    14 |       ||    16
       Potion            |       |       |     3 |       ||     3
Armor: Scale mail        |    52 |    52 |   179 |     9 ||   292
Dodge: Dodged            |    40 |    52 |   200 |    10 ||   302
Block: Kite shield       |    51 |    88 |   146 |       ||   285
       Buckler           |       |       |    70 |     9 ||    79
